 Dungeon Crawl Stone Soup version 0.25.1-8-g42b30a86e7 (webtiles) character file.

Game seed: 17912375912510974636

1600 Clowww109 the Magician (level 8, -2/50 HPs)
             Began as an Octopode Wizard on Nov 30, 2020.
             Was a Follower of Sif Muna.
             Slain by Duvessa
             ... wielding a +0 rapier
              (7 damage)
             ... on level 6 of the Dungeon.
             The game lasted 00:38:09 (7647 turns).

Clowww109 the Magician (Octopode Wizard)            Turns: 7647, Time: 00:38:09

Health: -2/50      AC:  1    Str: 17    XL:     8   Next: 94%
Magic:  4/17       EV: 17    Int: 32    God:    Sif Muna [*.....]
Gold:   124        SH:  0    Dex: 10    Spells: 11/19 levels left

rFire    . . .     SeeInvis .   r - +8 mace of Latecots {venom, +Inv Str+4 Int+4 Stlth+}
rCold    . . .     Gourm    .   (no shield)
rNeg     . . .     Faith    .   a - +0 hat
rPois    .         Spirit   .   (no amulet)
rElec    .         Reflect  .   o - ring of wizardry
rCorr    +         Harm     .   p - ring of resist corrosion
MR       .....                  f - +6 ring of intelligence
Stlth    +++++.....             q - +4 ring of evasion
HPRegen  0.16/turn              v - +6 ring of strength
MPRegen  0.15/turn              (no ring)
                                (no ring)
                                (no ring)

@: no status effects
A: almost no armour, stealthy swim, amphibious, 8 rings, constrict 8, camouflage
1, gelatinous body 1
a: Channel Magic, Renounce Religion, Evoke Invisibility


You were on level 6 of the Dungeon.
You worshipped Sif Muna.
Sif Muna was aware of your devotion.
You were not hungry.

You visited 2 branches of the dungeon, and saw 7 of its levels.

You collected 324 gold pieces.
You spent 200 gold pieces at shops.

Inventory:

Hand Weapons
 r - the +8 mace of Latecots (weapon) {venom, +Inv Str+4 Int+4 Stlth+}
   (You bought it in a shop on level 6 of the Dungeon)

   It poisons the flesh of those it strikes.
   It affects your strength (+4).
   It affects your intelligence (+4).
   It lets you turn invisible.
   It makes you more stealthy.
 t - a +4 quarterstaff of chaos
Armour
 a - a +0 hat (worn)
Jewellery
 e - an uncursed amulet of faith
 f - a +6 ring of intelligence (on tentacle)
 o - a ring of wizardry (left tentacle)
 p - a ring of resist corrosion (right tentacle)
 q - a +4 ring of evasion (on tentacle)
 v - a +6 ring of strength (on tentacle)
Wands
 s - a wand of flame (24)
 u - a wand of disintegration (12)
Scrolls
 h - a scroll of magic mapping
 i - a scroll of fear
 l - a scroll of teleportation
 n - a scroll of enchant weapon
 x - 2 scrolls of remove curse
 y - 2 scrolls of acquirement {unknown}
Potions
 b - 4 potions of resistance
 d - 2 potions of lignification
 g - a potion of stabbing {unknown}
 j - 3 potions of curing
 m - 3 potions of flight
 w - a potion of mutation {unknown}
 z - 3 potions of heal wounds {unknown}
 A - a potion of haste {unknown}
Comestibles
 c - 11 rations


   Skills:
 + Level 2.2 Fighting
 + Level 1.4(3.0) Maces & Flails
 + Level 4.0(4.2) Staves
 + Level 2.8 Dodging
 + Level 5.2 Stealth
 + Level 1.1 Unarmed Combat
 + Level 6.2 Spellcasting
 + Level 3.4 Conjurations
 + Level 4.6 Summonings
 + Level 2.0 Translocations
 + Level 0.2 Air Magic
 + Level 0.3 Poison Magic


You had 11 spell levels left.
You knew the following spells:

 Your Spells              Type           Power        Failure   Level  Hunger
a - Magic Dart            Conj           ####         1%          1    None
b - Blink                 Tloc           N/A          1%          2    None
c - Call Imp              Summ           #####...     1%          2    None
d - Mephitic Cloud        Conj/Pois/Air  ###.....     3%          3    None

Your spell library contained the following spells:

 Spells                   Type           Power        Failure   Level  Hunger
 Animate Skeleton         Necr           N/A          1%          1    None
 Pain                     Necr           #...         1%          1    None
 Slow                     Hex            #.......     2%          2    None
 Conjure Flame            Conj/Fire      ###.....     2%          3    None
 Vampiric Draining        Necr           #.........   6%          3    None
 Animate Dead             Necr           N/A          17%         4    ##.....
 Agony                    Necr           #.......     43%         5    #####..


Dungeon Overview and Level Annotations

Branches:
Dungeon (6/15)             Temple (1/1) D:4

Altars:
Ashenzari
Dithmenos
Elyvilon
Gozag
Hepliaklqana
Makhleb
Nemelex Xobeh
Qazlal
Sif Muna
Trog
Uskayaw
Vehumet
Xom
Yredelemnul
Zin
The Shining One

Shops:
D:6 }(

Annotations:
D:6 Duvessa


Innate Abilities, Weirdness & Mutations

You cannot wear most types of armour.
You are very stealthy in the water. (Stealth+)
You are amphibious.
You can wear up to eight rings at the same time.
You can use your tentacles to constrict eight enemies at once.
Your skin changes colour to match your surroundings (Stealth+).
Your rubbery body absorbs attacks. (AC +1, EV +1)


Message History

You can't see any susceptible monsters within range! (Use Z to cast anyway.) Unknown command.
Casting: Blink (safe; 1% risk of failure)
Confirm with . or Enter, or press ? or * to list all spells.
A beastly little devil appears in a puff of frigid air.
Duvessa hits your white imp with a +0 rapier!!
Your white imp dies!
Casting: Call Imp (safe; 1% risk of failure)
Confirm with . or Enter, or press ? or * to list all spells.
A beastly little devil appears in a puff of flame.
Duvessa shouts!
Duvessa rages.
Duvessa hits your crimson imp with a +0 rapier!
Your crimson imp dies!
Your white imp hits Duvessa but does no damage.
Your white imp barely misses Duvessa.
Casting: Call Imp (safe; 1% risk of failure)
Confirm with . or Enter, or press ? or * to list all spells.
You blink.
Duvessa hits you with a +0 rapier!
You die...

### #..#
##### #.##
..... #.#
##### #.#
##
#.#######.#
...
#.......#(#
### #ยง#.#
###e#.#
#####.5@..#
#......#.##
#.###....#
#.#### #.#
.)...)..#
###.#####


You could see Duvessa (berserk, fast, very poisoned) and a friendly white imp
(summoned).

Vanquished Creatures
  Pikel (D:4)
  Grinder (D:6)
  Edmund (D:5)
  A slave (D:4)
  A phantom (D:4)
  A bullfrog (D:6)
  Dowan (D:6)
  3 crimson imps
  A bullfrog skeleton (D:5)
  2 orc wizards
  An iguana (D:5)
  3 worker ants
  A hound skeleton (D:6)
  7 adders
  An ooze (D:4)
  A worm (D:2)
  A dart slug (D:1)
  3 leopard geckos
  5 orcs
  3 bats
  3 giant cockroaches
  3 goblins
  4 hobgoblins
  2 jackals (D:4)
  2 quokkas
  4 ball pythons
  3 frilled lizards
  6 kobolds
  A leopard gecko skeleton (D:5)
  5 rats
72 creatures vanquished.

Vanquished Creatures (collateral kills)
  A slave (D:4)
  A sky beast (D:5)
  2 centaurs
  2 scorpions (D:6)
  Crazy Yiuf (D:3)
  A hound (D:4)
  A jelly (D:5)
  Terence (D:3)
  2 worker ants
  Robin (D:4)
  A worm (D:2)
  A dart slug (D:2)
  5 orcs
  A bat (D:2)
  A giant cockroach (D:2)
  3 goblins (D:4)
  3 hobgoblins
  5 jackals
  A kobold (D:2)
34 creatures vanquished.

Vanquished Creatures (others)
  A worker ant (D:4)
1 creature vanquished.

Grand Total: 107 creatures vanquished

Notes
Turn   | Place    | Note
-------+----------+-------------------------------------------
     0 | D:1      | Clowww109 the Octopode Wizard began the quest for the Orb.
     0 | D:1      | Reached XP level 1. HP: 11/11 MP: 4/4
   163 | D:1      | Reached XP level 2. HP: 17/17 MP: 3/6
   351 | D:1      | Learned a level 2 spell: Blink
   354 | D:1      | Learned a level 2 spell: Call Imp
  1231 | D:2      | Reached skill level 1 in Unarmed Combat
  1231 | D:2      | Reached XP level 3. HP: 11/21 MP: 0/7
  2262 | D:2      | Learned a level 3 spell: Mephitic Cloud
  2433 | D:3      | Noticed Terence
  2442 | D:3      | Killed Terence
  2442 | D:3      | Reached XP level 4. HP: 27/27 MP: 2/9
  2881 | D:3      | Found a runed translucent door.
  2882 | D:3      | Noticed Crazy Yiuf
  2899 | D:3      | Killed Crazy Yiuf
  3087 | D:4      | Reached XP level 5. HP: 12/31 MP: 2/10
  3483 | D:4      | Noticed a phantom
  3530 | D:4      | Killed a phantom
  3530 | D:4      | Reached skill level 4 in Spellcasting
  3643 | D:4      | Reached XP level 6. HP: 37/37 MP: 6/12
  3685 | D:4      | Found a staircase to the Ecumenical Temple.
  3701 | Temple   | Entered the Ecumenical Temple
  3804 | Temple   | Became a worshipper of Sif Muna the Loreminder
  3909 | D:4      | Reached skill level 1 in Staves
  4232 | D:4      | Noticed a slave
  4243 | D:4      | Killed a slave
  4473 | D:4      | Noticed a slave
  4474 | D:4      | Noticed Pikel
  4474 | D:4      | Noticed a slave
  4474 | D:4      | Noticed a slave
  4804 | D:4      | Killed a slave
  5093 | D:4      | Killed Pikel
  5093 | D:4      | Reached skill level 1 in Fighting
  5093 | D:4      | Reached skill level 5 in Spellcasting
  5093 | D:4      | Reached XP level 7. HP: 39/43 MP: 6/14
  5180 | D:4      | Noticed Robin
  5195 | D:4      | Killed Robin
  5324 | D:4      | Found a bloodstained altar of Trog.
  5367 | D:5      | Entered Level 5 of the Dungeon
  5367 | D:5      | Noticed Edmund
  5382 | D:5      | Killed Edmund
  5578 | D:5      | Reached XP level 8. HP: 48/48 MP: 12/16
  6895 | D:6      | Found Kakukhas's Gadget Boutique.
  7121 | D:6      | Found Duaddi's Antique Weapon Emporium.
  7279 | D:6      | Bought a crystal mace for 200 gold pieces
  7279 | D:6      | Identified the +8 mace of Latecots {venom, +Inv Str+4 Int+4
                  | Stlth+} (You bought it in a shop on level 6 of the Dungeon)
  7306 | D:6      | Noticed Grinder
  7321 | D:6      | Killed Grinder
  7321 | D:6      | Reached skill level 5 in Stealth
  7321 | D:6      | Reached skill level 6 in Spellcasting
  7325 | D:6      | Reached * piety under Sif Muna
  7484 | D:6      | Reached skill level 1 in Maces & Flails
  7629 | D:6      | Noticed Duvessa
  7629 | D:6      | Noticed Dowan
  7636 | D:6      | Killed Dowan
  7647 | D:6      | Slain by Duvessa

Illustrated notes

Levels and vault maps discovered:
D:1:      dpeg_arrival_boxorama, layout_loops_cross, serial_forest,
          infiniplex_forest_lined_room_3, infiniplex_forest_straight_2,
          infiniplex_forest_end_double, infiniplex_forest_clump_tiny,
          infiniplex_forest_clump_cross
D:2:      layout_basic
D:3:      layout_basic, uniq_terence, uniq_crazy_yiuf_cottage
D:4:      layout_basic, minmay_temple_entry_trees, first_ration, trog_book,
          uniq_pikel, uniq_robin
D:5:      layout_loops_corners, uniq_edmund
D:6:      layout_loops_ring, serial_shops, shop, shop, solitary_fountain,
          uniq_grinder, uniq_duvessa
Temple:   nicolae_temple_elliptical

Skill      XL: |  1  2  3  4  5  6  7  8 |
---------------+-------------------------+-----
Unarmed Combat | 1 |  1.1
Stealth        | 3 4 5 |  5.2
Conjurations   | 2 3 |  3.4
Spellcasting   | 4 5 6 |  6.2
Staves         | 3 4 |  4.0
Summonings     | 2 3 4 |  4.6
Fighting       | 1 2 |  2.2
Translocations | 2 |  2.0
Maces & Flails | 1 |  1.4
Dodging        | |  2.8
Air Magic      | |  0.2
Poison Magic   | |  0.3

Action                   |  1- 3 |  4- 6 |  7- 9 || total
-------------------------+-------+-------+-------++-------
Melee: Unarmed           |    23 |     4 |       ||    27
       Constrict         |     8 |    13 |    14 ||    35
       Tentacles         |     2 |     8 |    11 ||    21
       Quarterstaff      |       |    45 |    33 ||    78
       Punch             |       |     1 |     1 ||     2
       Mace              |       |       |    17 ||    17
 Cast: Magic Dart        |    63 |    49 |    21 ||   133
       Call Imp          |    16 |    25 |    37 ||    78
       Blink             |     1 |     4 |     4 ||     9
       Mephitic Cloud    |       |     3 |     2 ||     5
  Use: Scroll            |     2 |     5 |     6 ||    13
 Stab: Sleeping          |     1 |     1 |     2 ||     4
       Distracted        |     1 |     1 |       ||     2
       Confused          |       |     1 |     1 ||     2
       Paralysed         |       |     1 |       ||     1
  Eat: Chunk             |     5 |     6 |     7 ||    18
       Ration            |       |     1 |       ||     1
Armor: Skin              |     4 |     1 |     2 ||     7
Dodge: Dodged            |    19 |    49 |    29 ||    97
